 Dungeon Crawl Stone Soup version 0.13-a0-2527-g93fcdc4 (webtiles) character file.

216629 JacquesDerrida the Fencer (level 18, 124/147 HPs)
             Began as a Demonspawn Gladiator on July 25, 2013.
             Was the Champion of Ashenzari.
             Quit the game on Level 1 of the Abyss.
             The game lasted 02:35:50 (41034 turns).

JacquesDerrida the Fencer (Demonspawn Gladiator)   Turns: 41034, Time: 02:35:50

HP 124/147       AC 24     Str 19      XL: 18   Next: 30%
MP  28/33        EV 19     Int 12 (13) God: Ashenzari [******]
Gold 1999        SH 13     Dex 15      Spells:  3 memorised, 28 levels left

Res.Fire  : + . .   See Invis. : +   y - +2 double sword (vamp) (curse)
Res.Cold  : . . .   Warding    : .   m - +6 ring mail of Untold Secrets {rF+ Dam+2}
Life Prot.: + . .   Conserve   : .   z - +1 buckler {rPois} (curse)
Res.Poison: +       Res.Corr.  : .   t - +2 wizard hat {MR+} (curse)
Res.Elec. : .       Clarity    : +   C - +1 dwarf cloak
Sust.Abil.: . .     Spirit.Shd : +   r - +0 pair of elf gauntlets
Res.Mut.  : .       Stasis     : .   (boots unavailable)
Res.Rott. : .       Flight     : .   o - amulet of the gourmand
Gourmand  : +                        G - cursed +4,+5 ring of slaying
                                     a - +4 ring of protection

@: quite resistant to hostile enchantments, extremely unstealthy
A: hooves 3, demonic guardian 2, life protection 1, magic shield, AC +2
a: Scrying, Transfer Knowledge, Renounce Religion
}: 1/15 runes: serpentine


You were on level 1 of the Abyss.
You worshipped Ashenzari.
Ashenzari was exalted by your worship.
You were full.

You visited 6 branches of the dungeon, and saw 41 of its levels.
You visited the Abyss 1 time.

You collected 2805 gold pieces.
You spent 826 gold pieces at shops.

Inventory:

Hand weapons
 w - a cursed +3,+3 demon blade of draining
 y - a cursed +2,+2 vampiric double sword (weapon)
 Q - a +1,+3 scimitar of flaming
Missiles
 R - 2 throwing nets (quivered)
Armour
 m - the cursed +6 ring mail of Untold Secrets (worn) {rF+ Dam+2}
   (You found it on level 4 of the Dungeon)

   It affects your damage-dealing abilities (+2).
   It protects you from fire.
   It has a curse placed upon it.
 r - a +0 pair of elven gauntlets (worn)
 t - a cursed +2 wizard hat of magic resistance (worn)
 z - a cursed +1 buckler of poison resistance (worn)
 C - a +1 dwarven cloak (worn)
Magical devices
 s - a wand of cold (3)
 I - a wand of digging (14)
 Y - a wand of disintegration (15)
Comestibles
 f - 10 bread rations
 D - 2 meat rations
Scrolls
 l - a scroll of remove curse
 L - 2 scrolls of magic mapping
Jewellery
 a - a +4 ring of protection (left hand)
 b - an uncursed ring of protection from fire
 c - an uncursed ring of protection from cold
 d - a cursed ring of teleportation
 o - an amulet of the gourmand (around neck)
 u - an uncursed amulet of rage
 v - an uncursed amulet of resist corrosion
 B - an uncursed amulet of stasis
 G - a cursed +4,+5 ring of slaying (right hand)
 H - an uncursed ring of ice
 V - an uncursed ring of magical power
Potions
 g - a potion of berserk rage
 h - 3 potions of heal wounds
 i - 6 potions of curing
 j - a potion of magic
 n - 2 potions of speed
 A - a potion of restore abilities
 J - 3 potions of flight
 K - 3 potions of brilliance
Books
 q - a book of Air

   Spells                             Type                      Level
   Shock                              Conjuration/Air              1
   *Swiftness                         Charms/Air                   2
   *Repel Missiles                    Charms/Air                   2
   *Flight                            Charms/Air                   3
   Static Discharge                   Conjuration/Air              3
   Lightning Bolt                     Conjuration/Air              5
Miscellaneous
 p - a fan of gales
 x - a fan of gales


   Skills:
 - Level 13.2 Fighting
 - Level 18.7(22.3) Long Blades
 - Level 1.7 Throwing
 - Level 9.0 Armour
 - Level 14.6 Dodging
 - Level 3.9(6.7) Shields
 - Level 9.1 Spellcasting
 + Level 6.7 Charms
 - Level 4.2 Air Magic


You had 28 spell levels left.
You knew the following spells:

 Your Spells              Type           Power        Failure   Level  Hunger
a - Repel Missiles        Chrm/Air       ###.......   1%          2    None
b - Swiftness             Chrm/Air       ###.......   1%          2    None
c - Flight                Chrm/Air       ###.......   4%          3    ##.....


Dungeon Overview and Level Annotations

Branches:
Dungeon (21/27)            Temple (1/1) D:6             Orc (4/4) D:11
    Elf (0/3) Orc:4          Lair (8/8) D:13         Shoals (0/5) Lair:4
  Snake (5/5) Lair:6        Slime (0/6) Lair:8       Vaults (2/5) D:18
  Crypt: Vaults:2-3  Forest: Vaults:2-3

Altars:
Ashenzari
Cheibriados
Elyvilon
Fedhas
Kikubaaqudgha
Makhleb
Nemelex Xobeh
Okawaru
Sif Muna
Trog
Vehumet
Zin
the Shining One
Beogh

Shops:
D:15: ? D:17: % D:20: * Orc:4: +([*+ Snake:2: [ Snake:3: ? Snake:5: *

Portals:
Abyss: D:21

Annotations
D:21 Mennas


Innate Abilities, Weirdness & Mutations

You have hooves in place of feet.
You are mostly covered in rugged brown scales (AC +2, +5% HP).
A demonic guardian rushes to your aid.
You resist negative energy.
When hurt, damage is shared between your health and your magic reserves.


Message History

Your scroll of teleportation catches fire!
Read which item? (? for menu, Esc to quit)
Okay, then.
You are covered in liquid flames!
You see here a hell hog corpse.
You are covered in liquid flames!
You are covered in liquid flames!
One of your 2 scrolls of remove curse catches fire!
Your scroll of fog catches fire!
You are covered in liquid flames!
You are covered in liquid flames!
Unknown command.
Read which item? (? for menu, Esc to quit)
Okay, then.
You are covered in liquid flames!
Saving game... please wait.
Welcome back, JacquesDerrida the Demonspawn Gladiator.
Ashenzari says: Partake of my vision.
Partake of my curse.
Press ? for a list of commands and other information.
Are you sure you want to abandon this character and quit the game? (Confirm with "yes".)

. .##..............∆....,
*** ##
,*.##,#...#.∆%....,∆.#.#,,
* .#..,..*##..
.........(.. , ,, * .#
.#.#..##............., * *
,,,*.. ,
#.....######..*.., ,,
#*###,#..#...#..#...#,≈...
, , , ,
,###..#.#.#.##.##..§#. **
,, * , *#*#.
,.#....##...#. , , , , ,
** *#.#.##.@..#..... ,* ,
*, ,,,, ,...#...#.#..., ,
, , * ####.#.###..., ,,,
*,* , ,,** #.###.....,, ,
,, , ** **, **#.# .#.* ,,,
,, * *,,, #. ,*, ,,, ,, ,
, , * , ,,*# ,,,,,, , , ,
,,* * ,,, , * , , , , , ,
, * , ,,,* , ,,, , , ,


There were no monsters in sight!

Vanquished Creatures
  Saint Roka (Vaults:1)
  Norris (Snake:3)
  Lamia (Snake:3)
  Frederick (Vaults:2)
  Nikola (Snake:1)
  A storm dragon (D:18)
  Agnes (D:18)
  Roxanne (Vaults:1)
  A vault warden (Vaults:1)
  Wiglaf (Vaults:1)
  Maud (Lair:3)
  A tentacled starspawn (Abyss:1)
  Aizul (Snake:3)
  3 greater nagas (Snake:5)
  Gastronok (Orc:1)
  An orc warlord (Orc:3)
  2 deep elf annihilators (Vaults:1)
  Azrael (D:15)
  2 yaktaur captains
  4 vault guards
  A dragon (D:18)
  An ironheart preserver (Vaults:1)
  A great orb of eyes (Vaults:1)
  An ice dragon (D:19)
  Fannar (Lair:2)
  9 hydras
  Harold (D:15)
  Josephine (D:10)
  A ravenous feature mimic (Vaults:1)
  Nessos (Snake:1)
  3 anacondas
  6 ogre magi
  A deep troll shaman (Lair:8)
  3 rakshasas
  2 hell hogs (Abyss:1)
  10 death yaks
  15 naga warriors
  A very ugly thing (Vaults:1)
  A fire crab (D:19)
  17 centaur warriors
  A storm dragon zombie (D:20)
  A shadow wraith (D:19)
  3 orc high priests (Orc:4)
  20 slime creatures
  2 deep elf knights
  An unseen horror (shapeshifter) (D:18)
  6 unseen horrors
  A large abomination (Abyss:1)
  An ironbrand convoker (Vaults:1)
  Erolcha (D:11)
  Nergalle (Orc:4)
  3 giant amoebae
  9 hill giants
  A lindwurm (Lair:8)
  A catoblepas (Lair:8)
  A deep elf conjurer (Vaults:1)
  A frost giant zombie (D:18)
  A wolf spider (D:18)
  The ghost of Aelig the Basher, an experienced DsFi of Makhleb (D:9)
  A red wasp (shapeshifter) (D:19)
  A fire giant zombie (D:20)
  10 orc knights
  6 griffons
  2 spiny worms
  2 vault sentinels (Vaults:1)
  4 orc sorcerers
  4 stone giant skeletons
  4 stone golems
  4 elephants (Lair:8)
  A guardian serpent (Snake:3)
  3 feature mimics
  9 spiny frogs
  Psyche (D:9)
  2 smoke demons (Abyss:1)
  7 cyclopes
  9 yaktaurs
  2 hellwings (Abyss:1)
  An orange demon (Abyss:1)
  A redback zombie (D:17)
  3 iron troll zombies
  A queen bee (Lair:1)
  A hydra zombie (D:14)
  3 deep elf priests (Vaults:1)
  19 black mambas
  10 komodo dragons
  17 naga magi
  A queen bee (shapeshifter) (D:17)
  12 two-headed ogres
  Prince Ribbit (D:7)
  5 fire drakes
  2 boulder beetles
  12 trolls
  2 blink frogs (shapeshifter)
  16 blink frogs
  A trapdoor spider (D:15)
  8 basilisks
  A stone giant simulacrum (D:20)
  2 water elementals
  A dragon skeleton (D:19)
  A vampire (D:17)
  An octopode (shapeshifter) (Vaults:1)
  4 wraiths
  A griffon skeleton (D:14)
  58 yaks
  2 shadows
  6 wyverns
  5 fire elementals (D:15)
  A jumping spider (Lair:3)
  2 spiny worm zombies
  2 deep elf magi (Vaults:1)
  2 steam dragons
  Eustachio (D:6)
  37 ugly things
  19 hippogriffs
  3 hill giant skeletons
  5 sharks
  11 vampire mosquitoes
  4 deep elf fighters
  Edmund (D:5)
  A rock worm (Vaults:1)
  A grizzly bear (Lair:8)
  8 manticores
  8 wolves (Lair:8)
  2 mottled dragons
  3 soldier ants
  4 hell hounds
  43 orc warriors
  5 porcupines
  2 small abominations (Abyss:1)
  2 sky beasts
  64 nagas
  2 phantoms
  30 ogres
  3 ice beasts
  2 freezing wraiths
  2 black bears (Lair:8)
  4 giant goldfish
  5 boring beetles
  26 crocodiles
  A big kobold (D:15)
  26 centaurs
  35 water moccasins
  A giant slug (shapeshifter) (D:20)
  3 brain worms
  2 yaktaur zombies
  A giant slug zombie (D:16)
  Blork the orc (D:8)
  A wyvern zombie (D:9)
  2 cyclops zombies
  6 agate snails
  19 giant frogs
  3 cyclops skeletons
  2 wargs (D:11)
  13 wights
  2 eyes of draining
  8 giant slugs
  2 troll zombies
  A hippogriff skeleton (D:9)
  A yak zombie (D:15)
  A troll skeleton (D:13)
  38 killer bees
  3 electric eels
  A boring beetle zombie (D:19)
  13 jellyfish
  35 orc priests
  A giant frog skeleton (D:10)
  A giant frog zombie (D:10)
  2 quasits
  13 crimson imps
  4 goliath beetles
  3 big fish
  7 hounds
  2 soldier ant zombies
  Crazy Yiuf (D:7)
  15 iguanas
  25 orc wizards
  15 worker ants
  5 scorpions
  A big kobold zombie (D:15)
  An ogre zombie (D:7)
  Ijyb (D:7)
  A big kobold skeleton (D:14)
  A mummy (D:8)
  6 sheep
  A crocodile skeleton (D:9)
  9 jellies
  4 gnolls (D:4)
  A hound skeleton (D:11)
  52 adders
  6 giant centipedes
  45 green rats
  4 orc skeletons (Orc:4)
  2 giant mites
  An inept feature mimic (D:6)
  4 worms
  A scorpion zombie (D:8)
  5 orc zombies (Orc:4)
  A grey rat (D:6)
  A giant eyeball (D:8)
  An ooze (D:1)
  136 orcs
  A ball python (Snake:4)
  20 bats
  A bat zombie (D:5)
  6 giant cockroaches
  12 hobgoblins
  14 jackals
  15 kobolds
  15 giant geckos
  A giant gecko skeleton (D:6)
  13 giant newts
  A giant spore (D:10)
  25 goblins
  5 illusory rakshasas
  A kobold skeleton (D:6)
  15 quokkas
  29 rats
  8 ballistomycetes
  2 crawling corpses (Vaults:1)
  A starspawn tentacle (Abyss:1)
1520 creatures vanquished.

Vanquished Creatures (collateral kills)
  Rupert (Snake:1)
  2 greater nagas (Snake:5)
  A deep elf death mage (Vaults:1)
  3 vault guards
  An ironheart preserver (Vaults:1)
  A yaktaur captain (Vaults:1)
  A hydra (D:15)
  An anaconda (Snake:1)
  An orc high priest (Orc:4)
  A naga warrior (Snake:5)
  A centaur warrior (D:20)
  2 slime creatures
  A hill giant (D:19)
  A wolf spider (D:19)
  2 black mambas (Snake:1)
  A deep elf summoner (D:19)
  A cyclops (D:20)
  2 naga magi (Snake:5)
  A deep elf priest (Vaults:1)
  A two-headed ogre (Vaults:2)
  A troll (D:10)
  A vampire (D:19)
  A wraith (D:19)
  2 ugly things
  A hill giant zombie (D:12)
  2 basilisks
  2 yaks
  4 nagas
  An orc warrior (Orc:4)
  4 ogres
  2 wargs (D:20)
  A water moccasin (Lair:1)
  A giant slug (Lair:5)
  An electric eel (Snake:1)
  4 orc priests
  A water moccasin skeleton (D:10)
  A big fish (Snake:1)
  2 orc wizards
  2 adders
  An ufetubus (Orc:4)
  An orc zombie (Orc:4)
  11 orcs
  A bat (Lair:4)
  2 illusory rakshasas (D:14)
  A fungus (Lair:7)
77 creatures vanquished.

Vanquished Creatures (others)
  11 sun demons
  6 soul eaters
  4 ice devils
  5 sixfirhies
  A black mamba (Snake:5)
  10 smoke demons
  A two-headed ogre (D:20)
  2 air elementals
  36 crimson imps
  29 iron imps
  An adder (Snake:1)
  42 lemures
  43 white imps
  30 ufetubi
  3 giant spores
  2 orcs (Orc:4)
  2 fungi
  2 starspawn tentacles (Abyss:1)
230 creatures vanquished.

Grand Total: 1827 creatures vanquished

Notes
Turn   | Place    | Note
--------------------------------------------------------------
     0 | D:1      | JacquesDerrida, the Demonspawn Gladiator, began the quest for the Orb.
     0 | D:1      | Reached XP level 1. HP: 17/17 MP: 0/0
   125 | D:1      | Reached skill level 3 in Long Blades
   265 | D:1      | Gained mutation: You are partially covered in rugged brown scales (AC +1, +3% HP). [demonic ancestry]
   265 | D:1      | Reached XP level 2. HP: 17/23 MP: 1/1
   970 | D:2      | Gained mutation: You have large cloven feet. [demonic ancestry]
   970 | D:2      | Reached XP level 3. HP: 26/28 MP: 2/2
  1006 | D:2      | Reached skill level 4 in Long Blades
  1007 | D:2      | Found a blossoming altar of Fedhas.
  1560 | D:3      | Reached XP level 4. HP: 36/36 MP: 3/3
  2345 | D:4      | Reached skill level 5 in Long Blades
  2776 | D:4      | Reached XP level 5. HP: 41/41 MP: 4/4
  2861 | D:4      | Noticed a phantom
  2990 | D:4      | Killed a phantom
  2990 | D:4      | Reached skill level 6 in Long Blades
  3028 | D:4      | Gained mutation: You have hoof-like feet. [demonic ancestry]
  3028 | D:4      | Reached XP level 6. HP: 25/47 MP: 5/5
  3266 | D:4      | Got a fine ring mail
  3285 | D:4      | Identified the +6 ring mail of Untold Secrets {rF+ Dam+2} (You found it on level 4 of the Dungeon)
  3381 | D:4      | Found a bloodstained altar of Trog.
  4059 | D:5      | Entered Level 5 of the Dungeon
  4126 | D:5      | Noticed Edmund
  4154 | D:5      | Killed Edmund
  4154 | D:5      | Reached skill level 7 in Long Blades
  4154 | D:5      | Reached XP level 7. HP: 52/52 MP: 6/6
  4330 | D:5      | Reached skill level 8 in Long Blades
  4352 | D:5      | Found a burning altar of Makhleb.
  4866 | D:6      | Reached skill level 9 in Long Blades
  4866 | D:6      | Gained mutation: You have hooves in place of feet. [demonic ancestry]
  4866 | D:6      | Reached XP level 8. HP: 59/59 MP: 7/7
  5270 | D:6      | Found a staircase to the Ecumenical Temple.
  5277 | Temple   | Entered the Ecumenical Temple
  5297 | Temple   | Became a worshipper of Ashenzari the Shackled
  5356 | D:6      | Noticed Eustachio
  5363 | D:6      | Killed Eustachio
  5492 | D:7      | Reached skill level 10 in Long Blades
  5890 | D:7      | Noticed Prince Ribbit
  5901 | D:7      | Killed Prince Ribbit
  5901 | D:7      | Reached skill level 11 in Long Blades
  5901 | D:7      | Gained mutation: A weak demonic guardian rushes to your aid. [demonic ancestry]
  5901 | D:7      | Reached XP level 9. HP: 58/64 MP: 8/8
  5906 | D:7      | Noticed Ijyb
  5928 | D:7      | Killed Ijyb
  6221 | D:7      | Noticed Crazy Yiuf
  6237 | D:7      | Killed Crazy Yiuf
  6547 | D:8      | Found a staircase to the Lair.
  7064 | D:8      | Reached skill level 12 in Long Blades
  7099 | D:8      | Paralysed by a giant eyeball for 2 turns
  7154 | D:8      | Reached skill level 1 in Armour
  7283 | D:9      | Noticed Blork the orc
  7283 | D:9      | Noticed Psyche
  7290 | D:8      | Killed Blork the orc
  7331 | D:9      | Noticed Aelig's ghost (experienced DsFi)
  7554 | D:8      | the staircase to the Lair was a mimic.
  7558 | D:8      | Killed a staircase mimic
  7608 | D:9      | Killed Aelig's ghost
  7608 | D:9      | Reached skill level 5 in Armour
  7608 | D:9      | Reached XP level 10. HP: 66/71 MP: 9/9
  7906 | D:9      | Killed Psyche
  8709 | D:10     | Entered Level 10 of the Dungeon
  8982 | D:10     | Noticed a hill giant
  9000 | D:10     | Killed a hill giant
  9000 | D:10     | Reached skill level 5 in Fighting
  9121 | D:10     | Noticed Josephine
  9134 | D:10     | Killed Josephine
  9149 | D:10     | Identified a scroll of acquirement
  9757 | D:10     | Noticed a stone golem
  9757 | D:10     | Noticed a stone golem
  9757 | D:10     | Noticed a stone golem
  9757 | D:10     | Noticed a stone golem
  9778 | D:9      | Reached XP level 11. HP: 61/83 MP: 10/10
  9817 | D:9      | Killed a stone golem
  9819 | D:9      | Killed a stone golem
 10054 | D:9      | Killed a stone golem
 10237 | D:10     | Killed a stone golem
 10437 | D:10     | Reached skill level 13 in Long Blades
 10661 | D:11     | Found a white marble altar of Elyvilon.
 10681 | D:11     | Noticed Erolcha
 11393 | D:12     | Killed an unseen horror
 11551 | D:12     | Reached skill level 14 in Long Blades
 12025 | D:13     | Noticed a centaur warrior
 12194 | D:11     | Noticed a hill giant
 12203 | D:11     | Killed Erolcha
 12204 | D:11     | Killed a hill giant
 12668 | D:13     | Found a staircase to the Lair.
 12705 | Lair:1   | Entered Level 1 of the Lair of Beasts
 12747 | Lair:1   | Gained mutation: When hurt, damage is shared between your health and your magic reserves. [demonic ancestry]
 12747 | Lair:1   | Reached XP level 12. HP: 90/90 MP: 11/11
 12788 | Lair:1   | Reached skill level 1 in Spellcasting
 13247 | Lair:1   | Acquired Ashenzari's first power
 14251 | Lair:2   | Noticed Fannar
 14268 | Lair:2   | Killed Fannar
 15168 | Lair:3   | Noticed Maud
 15186 | Lair:3   | Killed Maud
 15422 | Lair:3   | the hole to the Spider Nest was a mimic.
 15434 | Lair:3   | Acquired Ashenzari's second power
 15460 | Lair:3   | Reached skill level 5 in Dodging
 15936 | Lair:3   | Reached skill level 1 in Shields
 16429 | Lair:4   | Found a staircase to the Shoals.
 16491 | Lair:4   | Noticed a seven-headed hydra
 16585 | Lair:5   | Reached XP level 13. HP: 64/99 MP: 21/22
 16644 | Lair:5   | Identified the +1 ring mail "Hegaymod" {Str+4 Dex+3} (You found it on level 5 of the Lair of Beasts)
 17020 | Lair:5   | Acquired Ashenzari's third power
 17490 | Lair:6   | Found a staircase to the Snake Pit.
 19229 | Lair:8   | Entered Level 8 of the Lair of Beasts
 19232 | Lair:8   | Acquired Ashenzari's fourth power
 19450 | Lair:8   | Reached skill level 10 in Dodging
 20279 | Lair:8   | Found a staircase to the Slime Pits.
 20419 | Lair:8   | Reached XP level 14. HP: 81/107 MP: 23/23
 21752 | Lair:4   | Killed a three-headed hydra
 22228 | D:13     | Reached skill level 15 in Long Blades
 22389 | D:13     | Reached skill level 10 in Fighting
 22509 | D:13     | Killed a centaur warrior
 23450 | D:11     | Noticed a hill giant
 23459 | D:11     | Killed a hill giant
 23622 | D:11     | Found a staircase to the Orcish Mines.
 23670 | Orc:1    | Entered Level 1 of the Orcish Mines
 23731 | Orc:1    | Found an iron altar of Okawaru.
 23732 | Orc:1    | Noticed Gastronok
 23792 | Orc:1    | Killed Gastronok
 24000 | Orc:2    | Found a burning altar of Makhleb.
 24292 | Orc:3    | Found a bloodstained altar of Trog.
 24378 | Orc:4    | Entered Level 4 of the Orcish Mines
 24492 | Orc:4    | Noticed Nergalle
 24500 | Orc:4    | Killed Nergalle
 24543 | Orc:4    | Found Zayggus' Book Shoppe.
 24582 | Orc:4    | Found a staircase to the Elven Halls.
 25436 | Orc:4    | Noticed an orc warlord
 25784 | Orc:3    | Killed an orc warlord
 26391 | Orc:4    | Found Agufim's General Store.
 26392 | Orc:4    | Found Iluzaagra's Book Emporium.
 26393 | Orc:4    | Found Peatir's Antique Weapon Shoppe.
 26393 | Orc:4    | Found Daticask's Antique Armour Emporium.
 26407 | Orc:4    | Bought a potion of curing for 30 gold pieces
 26407 | Orc:4    | Bought a potion of berserk rage for 45 gold pieces
 26621 | D:14     | Entered Level 14 of the Dungeon
 27385 | D:14     | Upgraded the game from 0.13-a0-2519-g3c5fe84 to 0.13-a0-2527-g93fcdc4
 27506 | D:15     | Entered Level 15 of the Dungeon
 27529 | D:15     | Reached skill level 16 in Long Blades
 27790 | D:15     | Gained mutation: You are mostly covered in rugged brown scales (AC +2, +5% HP). [demonic ancestry]
 27790 | D:15     | Reached XP level 15. HP: 106/120 MP: 24/24
 27826 | D:15     | Found Acoffag's Magic Scroll Shop.
 27833 | D:15     | Bought a scroll of fog for 22 gold pieces
 27833 | D:15     | Bought a scroll of enchant weapon I for 60 gold pieces
 27852 | D:15     | Found a roughly hewn altar of Beogh.
 28065 | D:15     | Noticed Harold
 28074 | D:15     | Killed Harold
 28230 | D:15     | Noticed Azrael
 28238 | D:15     | Killed Azrael
 29136 | D:16     | Reached skill level 17 in Long Blades
 30358 | D:17     | Found Trigad's Food Boutique.
 30496 | D:18     | Reached skill level 18 in Long Blades
 30700 | D:18     | Noticed Agnes
 30715 | D:18     | Killed Agnes
 31155 | D:18     | Found a staircase to the Vaults.
 31155 | D:18     | Noticed a storm dragon
 31185 | D:18     | Killed a storm dragon
 31351 | D:18     | Gained mutation: A demonic guardian rushes to your aid. [demonic ancestry]
 31351 | D:18     | Reached XP level 16. HP: 129/129 MP: 25/25
 31456 | D:19     | the staircase to the Vaults was a mimic.
 32242 | D:20     | Entered Level 20 of the Dungeon
 32487 | D:20     | Identified the +1 scale mail of the Barber Surgeon {Str+2 Int-3 Curse}
 32606 | D:20     | Found Kaiva's General Store.
 32610 | D:20     | Bought a scroll of identify for 32 gold pieces
 32610 | D:20     | Bought a scroll of remove curse for 48 gold pieces
 32610 | D:20     | Bought a scroll of teleportation for 48 gold pieces
 32610 | D:20     | Bought a potion of poison for 16 gold pieces
 33187 | D:21     | Found a one-way gate to the infinite horrors of the Abyss.
 33436 | D:21     | Noticed Mennas
 33901 | Snake:1  | Entered Level 1 of the Snake Pit
 33901 | Snake:1  | Noticed Nikola
 34151 | Snake:1  | Killed Nikola
 34151 | Snake:1  | Reached skill level 5 in Spellcasting
 34297 | Snake:1  | Noticed Rupert
 34311 | Snake:1  | Killed Rupert
 34538 | Snake:1  | Noticed Nessos
 34565 | Snake:1  | Killed Nessos
 35442 | Snake:2  | Found Xuraax's Armour Shop.
 35784 | Snake:3  | Found Shrear's Magic Scroll Shop.
 35915 | Snake:3  | Gained mutation: You resist negative energy. [demonic ancestry]
 35915 | Snake:3  | Reached XP level 17. HP: 121/139 MP: 26/31
 35917 | Snake:3  | Noticed Lamia
 35932 | Snake:3  | Killed Lamia
 36040 | Snake:3  | Noticed Norris
 36048 | Snake:3  | Paralysed by Norris for 2 turns
 36064 | Snake:3  | Killed Norris
 36156 | Snake:3  | Noticed Aizul
 36180 | Snake:3  | Killed Aizul
 37058 | Snake:5  | Entered Level 5 of the Snake Pit
 37413 | Snake:5  | Found Etiuh's General Store.
 37888 | Snake:5  | Got a serpentine rune of Zot
 38408 | Vaults:1 | Entered Level 1 of the Vaults
 38438 | Vaults:1 | Noticed Wiglaf
 38459 | Vaults:1 | Killed Wiglaf
 38988 | Vaults:1 | Noticed Roxanne
 39377 | Orc:4    | Bought a book of Air for 525 gold pieces
 39383 | Orc:4    | Learned a level 2 spell: Repel Missiles
 39386 | Orc:4    | Learned a level 2 spell: Swiftness
 39390 | Orc:4    | Learned a level 3 spell: Flight
 39742 | Vaults:1 | Reached skill level 1 in Charms
 39781 | Vaults:1 | Reached skill level 1 in Air Magic
 39809 | Vaults:1 | Noticed Saint Roka
 39837 | Vaults:1 | Killed Saint Roka
 40183 | Vaults:1 | Reached XP level 18. HP: 131/147 MP: 29/33
 40463 | Vaults:1 | Killed Roxanne
 40748 | Vaults:1 | Reached skill level 5 in Charms
 40771 | Vaults:2 | Noticed Frederick
 40776 | Vaults:2 | Killed Frederick
 40781 | Vaults:1 | Cast into the Abyss (vault guard)
 41034 | Abyss:1  | Quit the game

Action                   |  1- 3 |  4- 6 |  7- 9 | 10-12 | 13-15 | 16-18 || total
-------------------------+-------+-------+-------+-------+-------+-------++-------
Melee: Falchion          |   114 |   182 |   281 |   132 |       |       ||   709
       Great sword       |       |       |       |   539 |    43 |       ||   582
       Long sword        |       |       |       |   128 |  1142 |       ||  1270
       Double sword      |       |       |       |       |   651 |  1414 ||  2065
Throw: Throwing net      |     1 |     5 |     5 |     1 |       |       ||    12
       Hand axe          |       |    12 |     3 |     2 |       |       ||    17
       Dart              |       |       |     5 |     1 |       |       ||     6
       Javelin           |       |       |       |     4 |     1 |       ||     5
       Club              |       |       |       |     1 |       |       ||     1
 Cast: Repel Missiles    |       |       |       |       |       |     4 ||     4
       Swiftness         |       |       |       |       |       |     1 ||     1
Invok: Scrying           |       |       |       |       |     2 |     1 ||     3
Evoke: Wand              |       |       |       |    26 |    36 |     3 ||    65
       Miscellaneous     |       |       |       |       |     2 |     1 ||     3
  Use: Scroll            |       |     1 |    12 |    20 |    24 |     7 ||    64
       Potion            |       |       |     5 |     2 |     4 |     2 ||    13
 Stab: Held in net/web   |     3 |     2 |     2 |       |       |       ||     7
       Distracted        |       |       |       |     6 |    13 |     7 ||    26
       Paralysed         |       |       |       |       |     7 |       ||     7
       Invisible         |       |       |       |       |     1 |       ||     1
       Petrifying        |       |       |       |       |     1 |       ||     1
